 Dungeon Crawl Stone Soup version 0.27-a0-1290-g15d3ce7508 (webtiles) character file.

Game seed: 7869667301785881857

25 Ijustatesigmund the Sneak (level 2, -5/15 HPs)
             Began as a Spriggan Brigand on June 15, 2021.
             Killed from afar by Sigmund (11 damage)
             ... with a puff of flame
             ... on level 3 of the Dungeon.
             The game lasted 00:02:33 (1727 turns).

Ijustatesigmund the Sneak (Spriggan Brigand)        Turns: 1727, Time: 00:02:34

Health: -5/15      AC:  3    Str:  7    XL:     2   Next: 86%
Magic:  3/3        EV: 17    Int: 12    God:
Gold:   33         SH:  0    Dex: 16    Spells: 1/1 levels left

rFire    . . .     SeeInvis +   a - +1 short sword (vamp)
rCold    . . .     Faith    .   (shield restricted)
rNeg     . . .     Spirit   .   b - +0 robe
rPois    .         Reflect  .   (helmet restricted)
rElec    .         Harm     .   c - +0 cloak
rCorr    .         Rampage  .   (gloves unavailable)
Will     .....                  (boots unavailable)
Stlth    +++.......             (no amulet)
HPRegen  0.05/turn              (no ring)
MPRegen  0.08/turn              (no ring)

@: very quick
A: very small, no large weapons, unfitting armour, see invisible, speed 3
a: no special abilities


You were on level 3 of the Dungeon.
You visited 1 branch of the dungeon, and saw 3 of its levels.

You collected 33 gold pieces.

Inventory:

Hand Weapons
 a - a +1 vampiric short sword (weapon)
 h - a +2 dagger
Missiles
 d - 7 poisoned darts (quivered)
 e - 2 curare-tipped darts
Armour
 b - a +0 robe (worn)
 c - a +0 cloak (worn)
Jewellery
 j - a +4 ring of slaying
Scrolls
 g - 2 scrolls of identify
 i - a scroll of noise {unknown}
Potions
 f - a potion of mutation


   Skills:
 + Level 2.0 Fighting
 + Level 2.8 Short Blades
 - Level 2.0 Throwing
 + Level 2.5 Dodging
 - Level 5.8 Stealth


You had one spell level left.
You didn't know any spells.
Your spell library was empty.

Dungeon Overview and Level Annotations

Branches:
Dungeon (2/15)

Altars:

Annotations:
D:3 Grinder, Sigmund


Innate Abilities, Weirdness & Mutations

You are very small and have problems with some larger weapons.
You are too small for most types of armour.
You have supernaturally acute eyesight. (SInv)
You cover ground extremely quickly. (Speed+++)


Message History

No target in view!
HP restored.
An endoplasm comes into view.
The helpless endoplasm fails to defend itself.
You impale the endoplasm!!
You kill the endoplasm!
No target in view!
No target in view!
No target in view!
No target in view!
d - 7 poisoned darts (gained 1)
Found a stone staircase leading down.
Found a stone staircase leading down.
There is a stone staircase leading down here.
Found a robe.
j - a +4 ring of slaying You now have 33 gold pieces (gained 5).
You fall into a shaft and drop 1 floor!
The shaft crumbles and collapses.
An endoplasm comes into view.
Found 26 stones.
The endoplasm quivers.
The endoplasm closely misses you.
You hit the endoplasm.
The endoplasm is heavily wounded.
The endoplasm closely misses you.
You hit the endoplasm.
You kill the endoplasm!
No target in view!
No target in view!
Grinder comes into view.
Sigmund the Dreaded comes into view.
He is wielding a +0 scythe and carrying a wand of flame (14).
Sigmund shouts!
Sigmund drinks a potion.
Sigmund seems to speed up.
Sigmund laughs darkly.
Sigmund zaps a wand.
The puff of flame hits you!
Ouch! That really hurt!
Sigmund zaps a wand.
The puff of flame hits you!
Ouch! That really hurt!
You die...

### #.. #.# #.# ###
####.###.# #...@....#
############.##.###@#
#.............#.# #.#
#.##########..#.# #.#
#.#### ####.# #.#
##.(..# ..# #.#
#.....# ### #.#
#.....# .# #.....#


You could see Sigmund (fast).

Vanquished Creatures
  A worm (D:2)
  2 endoplasms
  3 giant cockroaches (D:2)
  3 hobgoblins
  2 jackals (D:2)
  2 ball pythons (D:2)
  A frilled lizard (D:1)
  A goblin (D:1)
  4 kobolds
  A rat (D:1)
20 creatures vanquished.

Notes
Turn   | Place    | Note
-------+----------+-------------------------------------------
     0 | D:1      | Ijustatesigmund the Spriggan Brigand began the quest for
                  | the Orb.
     0 | D:1      | Reached XP level 1. HP: 10/10 MP: 2/2
  1011 | D:2      | Reached XP level 2. HP: 4/15 MP: 3/3
  1664 | D:2      | You fall into a shaft and drop 1 floor!
  1695 | D:3      | Noticed Grinder
  1722 | D:3      | Noticed Sigmund
  1727 | D:3      | Killed from afar by Sigmund

Illustrated notes

Levels and vault maps discovered:
D:1:      lightli_molten_gateway, layout_basic, lemuel_old_faithful
D:2:      layout_loops_ring
D:3:      layout_basic, bloody_makhleb, cheibriados_altar_1,
          dilly_ecumenical_altar_fadedgnrine, uniq_grinder, uniq_sigmund,
          uniq_natasha

Skill      XL: |  1  2 |
---------------+-------+-----
Dodging        | 2 |  2.5
Fighting       | 2 |  2.0
Short Blades   | |  2.8
Throwing       | |  2.0
Stealth        | |  5.8

Action                   || total
-------------------------++-------
Melee: Short sword       ||    47
       Dagger            ||     6
Throw: Dart              ||    10
  Use: Scroll            ||     2
 Stab: Sleeping          ||     6
Armor: Robe              ||     4
Dodge: Dodged            ||    31

Table legend: (Time is in decaauts)
 A = Elapsed time spent in this place.
 B = Non-inter-level travel time spent in this place.
 C = Inter-level travel time spent in this place.
 D = Time resting spent in this place.
 E = Time spent auto-exploring this place.
 F = Levels seen in this place.
 G = Mean time per level.
                   A        B        C        D        E       F      G
               +--------+--------+--------+--------+--------+-----+--------+
         Total |   1324 |   1320 |      4 |    553 |    589 |   3 |  441.3 |
       Dungeon |   1324 |   1320 |      4 |    553 |    589 |   3 |  441.3 |
               +--------+--------+--------+--------+--------+-----+--------+

Top non-repeatable levels by time:
     D:2: 682 daAuts
     D:1: 603 daAuts
     D:3: 38 daAuts
